 Dungeon Crawl Stone Soup version 0.26-a0-638-gcca6ad1b57 (webtiles) character file.

Game seed: 5404078792821540300

4288 Drevant2 the Destroyer (level 10, -2/69 HPs)
             Began as a Grey Draconian Ice Elementalist on Sept 14, 2020.
             Slain by a wight
             ... wielding a +0 halberd
              (4 damage)
             ... on level 10 of the Dungeon.
             The game lasted 00:35:19 (10476 turns).

Drevant2 the Destroyer (DrIE)                      Turns: 10476, Time: 00:35:20

Health: -2/69      AC: 15    Str: 16    XL:     10   Next: 11%
Magic:  7/13       EV: 11    Int: 18    God:
Gold:   626        SH:  0    Dex: 13    Spells: 6/13 levels left

rFire    . . .     SeeInvis .   k - +1 war axe (flame)
rCold    . . .     Faith    .   (no shield)
rNeg     . . .     Spirit   .   (armour unavailable)
rPois    +         Reflect  .   (helmet restricted)
rElec    .         Harm     .   A - +2 cloak {rPois}
rCorr    .         Rampage  .   (no gloves)
MR       +....                  (no boots)
Stlth    +.........             (no amulet)
HPRegen  0.21/turn              m - +6 ring of strength
MPRegen  0.13/turn              e - ring of protection from magic

@: heavily drained
A: walk through water, unfitting armour, unbreathing, cold-blooded, AC +12
a: no special abilities


You were on level 10 of the Dungeon.
You visited 1 branch of the dungeon, and saw 10 of its levels.

You collected 626 gold pieces.

Inventory:

Hand Weapons
 k - a +1 war axe of flaming (weapon)
 B - the +5 hand axe "Gewetiaff" {antimagic, rElec rPois Str+6, unknown}
   (You found it on level 6 of the Dungeon)

   It reduces the magical energy of the wielder, and disrupts the spells and
   magical abilities of those hit.
   Natural abilities and divine invocations are not affected.
   It affects your strength (+6).
   It insulates you from electricity.
   It protects you from poison.
Armour
 t - a +3 leather armour
 A - a +2 cloak of poison resistance (worn)
 C - a +2 helmet of intelligence
Jewellery
 b - an uncursed amulet of regeneration
 e - a ring of protection from magic (right hand)
 m - a +6 ring of strength (left hand)
 q - an uncursed ring of poison resistance {unknown}
 y - a +6 ring of strength
 G - an uncursed ring of resist corrosion {unknown}
Wands
 i - a wand of iceblast (12)
 x - a wand of enslavement (5)
 H - a wand of random effects (21)
Scrolls
 d - a scroll of holy word {unknown}
 f - 2 scrolls of teleportation
 j - a scroll of magic mapping {unknown}
 l - 5 scrolls of remove curse
 s - 2 scrolls of noise {unknown}
 u - a scroll of torment {unknown}
 v - a scroll of fog {unknown}
 w - a scroll of fear {unknown}
 z - a scroll of amnesia {unknown}
 D - a scroll of silence {unknown}
 F - a scroll of enchant armour {unknown}
 I - 2 scrolls of identify
 J - a scroll of vulnerability {unknown}
Potions
 a - 3 potions of brilliance
 c - a potion of berserk rage {unknown}
 g - 3 potions of stabbing {unknown}
 h - 3 potions of degeneration {unknown}
 n - a potion of magic
 o - a potion of cancellation {unknown}
 p - 4 potions of curing
 r - a potion of flight {unknown}
 E - a potion of haste
 K - a potion of might


   Skills:
 - Level 1.7(0.6) Dodging
 - Level 1.7(0.6) Stealth
 - Level 2.0(0.8) Spellcasting
 - Level 10.0(8.6) Conjurations
 * Level 9.5(8.1) Ice Magic
 - Level 7.4(6.1) Earth Magic


You had 6 spell levels left.
You knew the following spells:

 Your Spells              Type           Power        Failure   Level
a - Freeze                Ice            ####         1%          1
b - Frozen Ramparts       Ice            ####..       2%          3
c - Stone Arrow           Conj/Erth      ####..       3%          3

Your spell library contained the following spells:

 Spells                   Type           Power        Failure   Level
 Sandblast                Erth           ###...       1%          1
 Ozocubu's Armour         Ice            ####....     2%          3
 Ensorcelled Hibernation  Hex/Ice        ###...       6%          2
 Hailstorm                Conj/Ice       ####....     6%          4
 Passwall                 Tmut/Erth      ##......     9%          2
 Dazzling Flash           Conj/Hex       ###...       11%         3
 Corona                   Hex            #......      21%         1
 Summon Ice Beast         Ice/Summ       ###.....     36%         4
 Lee's Rapid Deconstruct  Erth           ###.......   41%         5
 Petrify                  Tmut/Erth      ##......     50%         4
 Confusing Touch          Hex            #.......     52%         3
 Tukima's Dance           Hex            #.......     52%         3


Dungeon Overview and Level Annotations

Branches:
Dungeon (10/15)            Temple (0/1) D:6
   Lair: D:8-11         Orc: D:9-12

Altars:
Elyvilon
The Shining One

Shops:
D:8 }


Innate Abilities, Weirdness & Mutations

You can walk through water.
Your dull iron-grey scales are very hard. (AC +12)
You cannot fit into any form of body armour.
You can survive without breathing.
You are cold-blooded and may be slowed by cold attacks.


Message History

* * * LOW HITPOINT WARNING * * *
You feel drained.
* * * LOW HITPOINT WARNING * * *
The wall freezes the orc warrior.
You kill the orc warrior!
You are too injured to fight recklessly!
You are too injured to fight recklessly!
The wight completely resists.
The wall freezes the wight but do no damage.
The wight misses you.
Items here: )) [[.
You barely miss the wight.
The wight is heavily damaged.
The frozen ramparts melt away.
The wight barely misses you.
You hit the wight but do no damage.
The wight is heavily damaged.
The wight closely misses you. The wight hits you with a +0 halberd!
* * * LOW HITPOINT WARNING * * *
You feel drained.
You die...

##†.#
#..
#<.##
.
#..##
#...#
##†.#
#.)##
##)†#
#z##
##@#
#.##
###


You could see a wight.

Vanquished Creatures
  Harold (D:8)
  Pikel (D:7)
  Maurice (D:8)
  3 orc warriors
  An ice beast (D:8)
  2 black bears
  3 ogres
  2 phantoms
  3 centaurs
  A crocodile (D:10)
  3 lemures (D:8)
  A bullfrog (D:9)
  A water moccasin zombie (D:5)
  3 scorpions
  7 killer bees (D:8)
  2 wights (D:10)
  A hound (D:8)
  2 orc priests
  2 jellies (D:8)
  A gnoll shaman (D:8)
  4 orc wizards
  3 iguanas
  Ijyb (D:5)
  Natasha (D:3)
  6 worker ants
  A hound zombie (D:5)
  A hound skeleton (D:8)
  4 gnolls (D:8)
  7 adders
  3 shadow imps
  2 white imps
  3 ufetubi
  3 oozes
  An adder zombie (D:5)
  An adder skeleton (D:4)
  2 worms (D:3)
  2 dart slugs (D:2)
  5 leopard geckos
  26 orcs
  A ball python (D:3)
  6 giant cockroaches
  5 hobgoblins
  2 jackals (D:6)
  2 quokkas
  6 bats
  7 frilled lizards
  6 goblins
  2 jackal zombies
  5 kobolds
  A leopard gecko zombie (D:6)
  3 rats
163 creatures vanquished.

Vanquished Creatures (others)
  2 fungi (D:10)
2 creatures vanquished.

Grand Total: 165 creatures vanquished

Notes
Turn   | Place    | Note
-------+----------+-------------------------------------------
     0 | D:1      | Drevant2 the Draconian Ice Elementalist began the quest for
                  | the Orb.
     0 | D:1      | Reached XP level 1. HP: 14/14 MP: 3/3
   663 | D:1      | Reached XP level 2. HP: 20/20 MP: 3/5
  1374 | D:2      | Found a glowing golden altar of the Shining One.
  1428 | D:2      | Reached skill level 5 in Ice Magic
  1471 | D:2      | Reached XP level 3. HP: 26/26 MP: 4/6
  2087 | D:2      | Found a white marble altar of Elyvilon.
  2721 | D:3      | Reached XP level 4. HP: 33/33 MP: 5/7
  2754 | D:3      | Learned a level 3 spell: Frozen Ramparts
  2918 | D:3      | Noticed Natasha
  4105 | D:4      | Reached XP level 5. HP: 38/38 MP: 4/8
  4300 | D:3      | Killed Natasha
  5018 | D:5      | Entered Level 5 of the Dungeon
  5095 | D:5      | Reached XP level 6. HP: 45/45 MP: 5/9
  5255 | D:5      | Noticed Ijyb
  5276 | D:5      | Killed Ijyb
  5520 | D:5      | Noticed an ice beast
  6221 | D:6      | Your scales start taking on a dull iron-grey colour.
  6221 | D:6      | Reached XP level 7. HP: 50/50 MP: 6/10
  6221 | D:6      | Gained mutation: You can survive without breathing. [Grey
                  | Draconian growth]
  6226 | D:6      | Learned a level 3 spell: Stone Arrow
  6281 | D:6      | Got a jewelled hand axe
  6357 | D:6      | Found a staircase to the Ecumenical Temple.
  7794 | D:8      | Noticed Pikel
  7821 | D:7      | Killed Pikel
  7821 | D:7      | Reached XP level 8. HP: 42/57 MP: 9/11
  7927 | D:8      | Found Zokhleafo's Gadget Shoppe.
  7933 | D:8      | Reached skill level 1 in Conjurations
  8014 | D:8      | Reached skill level 2 in Conjurations
  8082 | D:8      | Reached skill level 3 in Conjurations
  8125 | D:8      | Noticed Maurice
  8186 | D:9      | Reached skill level 4 in Conjurations
  8401 | D:8      | Reached skill level 5 in Conjurations
  8658 | D:8      | Reached skill level 6 in Conjurations
  8781 | D:8      | Reached XP level 9. HP: 59/62 MP: 8/12
  8869 | D:8      | Noticed Harold
  8888 | D:8      | Reached skill level 7 in Conjurations
  9512 | D:8      | Killed Maurice
  9512 | D:8      | Reached skill level 8 in Conjurations
  9834 | D:8      | Killed Harold
  9834 | D:8      | Reached skill level 10 in Conjurations
  9966 | D:9      | Noticed a troll
 10135 | D:9      | Noticed an eight-headed hydra
 10411 | D:10     | Entered Level 10 of the Dungeon
 10459 | D:10     | Reached XP level 10. HP: 46/69 MP: 7/13
 10476 | D:10     | HP: 2/69 [wight/+0 halberd (14)]
 10476 | D:10     | Slain by a wight

Illustrated notes

Levels and vault maps discovered:
D:1:      dpeg_arrival_ternary, layout_basic, chequers_arboretum,
          roderic_lattice_a, minivault_4
D:2:      layout_loops_ring, elyvilon_altar_1, nicolae_tso_swordbearing_angel
D:3:      layout_basic, uniq_natasha
D:4:      layout_rooms
D:5:      layout_gridville, uniq_ijyb
D:6:      layout_basic, temple_statues
D:7:      layout_basic, kennysheep_generic_room_15, uniq_maggie
D:8:      layout_rooms, serial_shops, shop_coins, grunt_potential, uniq_pikel,
          uniq_maurice, uniq_harold
D:9:      layout_rooms, uniq_joseph
D:10:     layout_layer_cave, grunt_lair_entry_orc_guard_hut, basic_altar

Skill      XL: |  1  2  3  4  5  6  7  8  9 |
---------------+----------------------------+-----
Ice Magic      | 5 6 7 8 9 |  9.5
Earth Magic    | 7 |  7.4
Conjurations   | 6 10 | 10.0
Dodging        | |  1.7
Stealth        | |  1.7
Spellcasting   | |  2.0

Action                   |  1- 3 |  4- 6 |  7- 9 | 10-12 || total
-------------------------+-------+-------+-------+-------++-------
Melee: Unarmed           |     3 |     1 |       |       ||     4
       War axe           |       |    83 |   187 |     9 ||   279
       Tailslap          |       |     7 |    25 |       ||    32
 Cast: Freeze            |    63 |    31 |     5 |       ||    99
       Frozen Ramparts   |       |     7 |    30 |     1 ||    38
       Stone Arrow       |       |       |     4 |       ||     4
  Use: Scroll            |       |     3 |     2 |       ||     5
       Potion            |       |     1 |     3 |     1 ||     5
 Stab: Sleeping          |       |     2 |       |       ||     2
Armor: Skin              |    10 |    32 |   113 |     3 ||   158
Dodge: Dodged            |    40 |    83 |   178 |    12 ||   313

Table legend: (Time is in decaauts)
 A = Elapsed time spent in this place.
 B = Non-inter-level travel time spent in this place.
 C = Inter-level travel time spent in this place.
 D = Time resting spent in this place.
 E = Time spent auto-exploring this place.
 F = Levels seen in this place.
 G = Mean time per level.
                   A        B        C        D        E       F      G
               +--------+--------+--------+--------+--------+-----+--------+
         Total |  10610 |   8806 |   1804 |   2717 |   3556 |  10 | 1061.0 |
       Dungeon |  10610 |   8806 |   1804 |   2717 |   3556 |  10 | 1061.0 |
               +--------+--------+--------+--------+--------+-----+--------+

Top non-repeatable levels by time:
     D:8: 2328 daAuts
     D:3: 1528 daAuts
     D:1: 1263 daAuts
     D:6: 1168 daAuts
     D:4: 1153 daAuts
     D:2: 1130 daAuts
     D:5: 947 daAuts
     D:7: 628 daAuts
     D:9: 387 daAuts
    D:10: 72 daAuts
